 Dungeon Sprint DCSS version 0.29-a0-356-g7bc237e783 (webtiles) character file.

Game seed: 2083035310407860693

36 Zeldest the Cudgeller (level 3, -1/55 HPs)
             Began as a Troll Monk on Apr 25, 2022.
             Slain by a white imp (4 damage)
             ... in the Dungeon (Sprint IX: "|||||||||||||||||||||||||||||").
             The game lasted 00:00:21 (42 turns).

Zeldest the Cudgeller (Troll Monk)                    Turns: 42, Time: 00:00:22

Health: -1/55      AC:  4    Str: 21    XL:     3   Next: 19%
Magic:  2/2        EV: 10    Int:  6    God:
Gold:   0          SH:  0    Dex: 12    Spells: 2/2 levels left

rFire   . . .      SeeInvis .   a - +0 mace
rCold   . . .      Faith    .   (no shield)
rNeg    . . .      Spirit   .   b - +0 robe
rPois   .          Reflect  .   (helmet restricted)
rElec   .          Harm     .   (no cloak)
rCorr   .          Rampage  .   (gloves unavailable)
Will    .....      NoTele   +   (boots unavailable)
Stlth   ..........              (no amulet)
HPRegen 0.98/turn               (no ring)
MPRegen 0.08/turn               (no ring)

@: berserking, very quick
A: large, unfitting armour, claws 3, regeneration 1, shaggy fur 1, tough skin 1
a: no special abilities


You were in the Dungeon.
You visited 1 branch

Inventory:

Hand Weapons
 a - a +0 mace (weapon)
Armour
 b - a +0 robe (worn)
Scrolls
 i - a scroll of blinking
Potions
 c - a potion of ambrosia
 d - a potion of curing
 e - a potion of heal wounds
 f - a potion of haste
 g - 2 potions of magic


   Skills:
 + Level 3.3 Fighting
 * Level 4.5 Maces & Flails
 + Level 2.0 Armour
 + Level 3.3 Dodging
 - Level 1.0 Stealth


You had 2 spell levels left.
You didn't know any spells.
Your spell library was empty.

Dungeon Overview and Level Annotations

Branches:
Dungeon (1/1)

Altars:


Innate Abilities, Weirdness & Mutations

You are too large for most types of armour.
You have claws for hands.
Your natural rate of healing is unusually fast.
You are covered in fur. (AC +1)
You have tough skin. (AC +1)


Message History

You hit the hound.
The hound is heavily wounded.
The hound bites you. The hound misses you.
You hit the hound but do no damage.
The hound is heavily wounded.
The hound barely misses you. The hound bites you.
You hit the hound.
The hound is heavily wounded.
The hound bites you.
The hound stops to sniff the ground.
The hound bites you but does no damage.
You hit the hound but do no damage.
The hound is heavily wounded.
The hound bites you. x2
* * * LOW HITPOINT WARNING * * *
A red film seems to cover your vision as you go berserk!
You feel yourself moving faster!
You feel mighty! The hound bites you but does no damage.
You barely miss the hound.
The hound is heavily wounded.
The hound closely misses you.
You sock the hound!
You kill the hound!
The white imp gestures at you. The puff of frost hits you!
* * * LOW HITPOINT WARNING * * *
Your Fighting skill increases to level 3!
Your Maces & Flails skill increases to level 4!
Your Armour skill increases to level 2!
Your Dodging skill increases to level 3!
You have reached level 2!
You have reached level 3!
Your experience leads to an increase in your attributes!
Increase (S)trength, (I)ntelligence, or (D)exterity?
You feel stronger. x3
You are too berserk!
There is an open door, spattered with blood here.
You see here a hound corpse.
You closely miss the white imp. The white imp hits you.
You die...

▓.▓
▓.▓
▓'▓
▓.▓
▓.▓
▓.▓
▓.▓
▓.▓
▓@▓
▓5▓
▓S▓
▓n▓
▓h▓
▓.▓
▓+▓


You could see a necrophage, an adder, a white imp and a jackal.

Vanquished Creatures
  A hound (D)
  A dart slug (D)
  A quokka (D)
  A bat (D)
  A frilled lizard (D)
  A rat (D)
6 creatures vanquished.

Notes
Turn   | Place    | Note
-------+----------+-------------------------------------------
     0 | D        | Zeldest the Troll Monk began the quest for the Orb.
     0 | D        | Reached XP level 1. HP: 22/22 MP: 0/0
     5 | D        | Banished a spatial maelstrom
    12 | D        | Reached skill level 3 in Maces & Flails
    20 | D        | Reached skill level 1 in Armour
    27 | D        | Noticed a hound
    27 | D        | Noticed a necrophage
    40 | D        | Killed a hound
    40 | D        | HP: 1/33 [white imp/puff of frost (11)]
    41 | D        | Reached skill level 4 in Maces & Flails
    41 | D        | Reached XP level 2. HP: 1/31 MP: 1/1
    41 | D        | Reached XP level 3. HP: 2/37 MP: 2/2
    42 | D        | Slain by a white imp

Illustrated notes

Levels and vault maps discovered:
D:        linesprint [early_d, line_temple, items_1, d_10, items_2, lair_1,
          lair_end, items_3, orc_1, orc_end, items_4, d_15, swamp_1, shoals_1,
          snake_1, spider_1, d_20, vaults_1, items_5, swamp_end, shoals_end,
          snake_end, spider_end, vaults_end, d_27, items_6, zot_1, zot_end,
          crypt_end, forest_end, elf_end, slime_end, tomb_end, abyss_end,
          pan_hell_end]

Skill      XL: |  1 |
---------------+----+-----
Maces & Flails | 4 |  4.5
Armour         | 2 |  2.0
Fighting       | 3 |  3.3
Dodging        | 3 |  3.3
Stealth        | |  1.0

Action                   || total
-------------------------++-------
Melee: Mace              ||    30
  Use: Potion            ||     1
Armor: Robe              ||    16
Dodge: Dodged            ||    16

Table legend: (Time is in decaauts)
 A = Elapsed time spent in this place.
 B = Non-inter-level travel time spent in this place.
 C = Inter-level travel time spent in this place.
 D = Time resting spent in this place.
 E = Time spent auto-exploring this place.
 F = Levels seen in this place.
 G = Mean time per level.
                   A        B        C        D        E       F      G
               +--------+--------+--------+--------+--------+-----+--------+
         Total |     47 |     47 |      0 |      0 |      0 |   1 |   47.0 |
       Dungeon |     47 |     47 |      0 |      0 |      0 |   1 |   47.0 |
               +--------+--------+--------+--------+--------+-----+--------+

Top non-repeatable levels by time:
       D: 47 daAuts
